 Dungeon Crawl Stone Soup version 0.29-a0-194-g6e3aafee17 (webtiles) character file.

Game seed: 11377724382578989948

4518 fragbeetle the Protected (level 10, 0/115 (124) HPs)
             Began as a Minotaur Hunter on Feb 23, 2022.
             Was a Follower of Hepliaklqana.
             Killed by refrigeration
             ... invoked by Fannar
              (18 damage)
             ... on level 9 of the Dungeon.
             The game lasted 00:21:34 (10956 turns).

fragbeetle the Protected (Minotaur Hunter)         Turns: 10956, Time: 00:21:35

HP:   0/115 (124)   AC: 11    Str: 19    XL:     10   Next: 17%
MP:   10/10         EV: 11    Int:  8    God:    Hepliaklqana [*.....]
Gold: 581           SH:  0    Dex: 22    Spells: 7/9 levels left

rFire   . . .      SeeInvis +   b - +8 quarterstaff "Qiqubikh" {freeze, Dex+7}
rCold   . . .      Faith    .   (shield currently unavailable)
rNeg    . . .      Spirit   .   r - +0 scale mail
rPois   +          Reflect  .   (helmet restricted)
rElec   .          Harm     .   (no cloak)
rCorr   .          Rampage  .   i - +0 pair of gloves
Will    .....                   n - +0 pair of boots
Stlth   ..........              (no amulet)
HPRegen 0.29/turn               j - ring of poison resistance
MPRegen 0.12/turn               y - ring of see invisible

@: berserking, drained, very quick
A: reduced essence, horns 2, retaliatory headbutt, agile 1
a: Renounce Religion, Recall Ancestor, Ancestor Identity


You were on level 9 of the Dungeon.
You worshipped Hepliaklqana.
Hepliaklqana was aware of your devotion.
You visited 2 branches of the dungeon, and saw 11 of its levels.

You collected 581 gold pieces.

Inventory:

Hand Weapons
 a - a +1 hand crossbow
 b - the +8 quarterstaff "Qiqubikh" (weapon) {freeze, Dex+7}
   (You found it on level 9 of the Dungeon)

   It freezes those it strikes, dealing additional cold damage.
   It can also slow down cold-blooded creatures.
   Dex:       It affects your dexterity (+7).
 L - a +6 scimitar
Missiles
 K - 2 curare-tipped darts (quivered)
 M - 7 poisoned darts
Armour
 i - a +0 pair of gloves (worn)
 n - a +0 pair of boots (worn)
 r - a +0 scale mail (worn)
 z - a +0 tower shield
Jewellery
 g - a ring of wizardry
 j - a ring of poison resistance (left hand)
 x - a ring of ice
 y - a ring of see invisible (right hand)
 E - an amulet of reflection
Wands
 B - a wand of mindburst (14)
 D - a wand of acid (12)
 G - a wand of paralysis (4)
Scrolls
 c - 5 scrolls of teleportation
 d - a scroll of magic mapping
 f - 2 scrolls of enchant weapon {unknown}
 h - 3 scrolls of fear
 o - a scroll of torment {unknown}
 p - 3 scrolls of fog {unknown}
 q - a scroll of blinking {unknown}
 t - a scroll of brand weapon {unknown}
 C - a scroll of amnesia {unknown}
 F - a scroll of noise {unknown}
 I - 3 scrolls of summoning {unknown}
Potions
 e - a potion of heal wounds {unknown}
 k - a potion of curing {unknown}
 l - a potion of invisibility
 m - 3 potions of mutation
 s - 2 potions of ambrosia
 u - 2 potions of berserk rage
 v - a potion of resistance {unknown}
 w - a potion of brilliance {unknown}
 A - a potion of degeneration {unknown}
 H - 2 potions of flight {unknown}
 J - a potion of attraction {unknown}


   Skills:
 - Level 10.0 Fighting
 - Level 10.0 Crossbows
 + Level 10.8 Armour
 - Level 2.1 Dodging
 - Level 0.7 Stealth
 - Level 2.6 Invocations


You had 7 spell levels left.
You knew the following spells:

 Your Spells              Type           Power      Damage    Failure   Level
a - Blink                 Tloc           0%         N/A       85%         2

Your spell library contained the following spells:

 Spells                   Type           Power      Damage    Failure   Level
 Animate Skeleton         Necr           0%         N/A       71%         1
 Magic Dart               Conj           0%         1d3       71%         1
 Pain                     Necr           0%         1d4       71%         1
 Searing Ray              Conj           0%         2d4       85%         2
 Dazzling Flash           Conj/Hex       0%         N/A       97%         3
 Gell's Gravitas          Tloc           0%         N/A       97%         3
 Lesser Beckoning         Tloc           0%         N/A       97%         3
 Teleport Other           Tloc           0%         N/A       97%         3
 Vampiric Draining        Necr           0%         2d6       97%         3
 Fulminant Prism          Conj/Hex       0%         3d6       100%        4
 Iskenderun's Mystic Bla  Conj/Tloc      0%         2d3       100%        4
 Manifold Assault         Tloc           0%         N/A       100%        5
 Starburst                Conj/Fire      0%         6d3       100%        6


Dungeon Overview and Level Annotations

Branches:
Dungeon (10/15)            Temple (1/1) D:6
   Lair: D:8-11         Orc: D:9-12

Altars:
Ashenzari
Cheibriados
Dithmenos
Elyvilon
Fedhas
Gozag
Hepliaklqana
Kikubaaqudgha
Makhleb
Nemelex Xobeh
Okawaru
Qazlal
Ru
Sif Muna
Trog
Uskayaw
Vehumet
Wu Jian
Xom
Yredelemnul
Zin
The Shining One
Beogh

Shops:
D:1 =   D:8 (

Annotations:
D:4 exclusion: downstairs
D:6 3 runed translucent doors, snaxamus's ghost, novice DsGl
D:9 Fannar; Psyche
D:10 Erica


Innate Abilities, Weirdness & Mutations

Your life essence is reduced to manifest your ancestor. (-10% HP)
You have a pair of horns on your head.
You reflexively headbutt those who attack you in melee.
You are agile. (Dex +2)


Message History

a - a +1 hand crossbow (weapon)
You shoot a bolt. The bolt completely misses Fannar.
Buttercup closely misses Fannar.
Unknown command.
Fannar hits you but does no damage. Fannar freezes you.
Buttercup hits Fannar.
You climb upwards.
Level annotation: Psyche
There is a stone staircase leading down here.
Unknown command.
You feel agile.
The +8 quarterstaff "Qiqubikh" {freeze, Dex+7} glows with a cold blue light!
b - the +8 quarterstaff "Qiqubikh" (weapon)
{freeze, Dex+7} You closely miss Fannar.
Fannar is lightly wounded.
Fannar gestures at you while chanting. The bolt of cold misses you.
Fannar hits you with a staff of cold. Fannar freezes you!
You hit Fannar but do no damage.
Fannar is lightly wounded.
Buttercup hits Fannar but does no damage.
Fannar points at you and mumbles some strange words.
The bolt of cold hits you!!
Buttercup closely misses Fannar.
You sock Fannar! You freeze Fannar. Your headbutt misses Fannar.
Fannar is lightly wounded.
Fannar hits you but does no damage. Fannar freezes you!
* * * LOW HITPOINT WARNING * * *
Buttercup barely misses Fannar.
Unknown command.
A red film seems to cover your vision as you go berserk!
You feel yourself moving faster!
You feel mighty! Fannar hits you with a staff of cold!
* * * LOW HITPOINT WARNING * * *
Fannar freezes you.
* * * LOW HITPOINT WARNING * * *
Buttercup hits Fannar but does no damage.
You barely miss Fannar. Your headbutt misses Fannar.
Fannar is lightly wounded.
Fannar casts a spell.
Fannar drains the heat from the surrounding environment!
You die...

...................#
..........<........#
...................#
...................#
....#########......#
....#.......#......#######
....#.......#............#
....#.......#......>.....#
....#.......#...@R.......#
....######'##....e.......#
.........................#
#########................#
........#........^.......#
........#>...............#
........#................#
####'####................#
..................########


You could see the friendly Buttercup the ancestor and Fannar (ally target).

Vanquished Creatures
  A troll (D:10)
  Prince Ribbit (D:8)
  Sigmund (D:3)
  4 yaks
  A wraith (D:9)
  A steam dragon (D:9)
  2 water moccasins
  An orc warrior (D:8)
  A black bear (D:4)
  2 ice beasts
  2 hornet zombies
  3 ogres
  2 centaurs
  2 kobold brigands
  2 bullfrogs (D:8)
  5 scorpions
  2 wyvern zombies
  2 howler monkeys
  11 wights
  2 jellies
  A bullfrog zombie (D:6)
  4 hounds
  2 orc priests
  3 iguanas
  7 orc wizards
  2 killer bee zombies
  Robin (D:2)
  6 adders
  A shadow imp (D:6)
  2 white imps
  An ufetubus (D:4)
  3 worms
  2 dart slugs
  23 orcs
  6 ball pythons
  5 endoplasms
  4 giant cockroaches
  12 goblins
  8 hobgoblins
  3 jackals (D:1)
  3 quokkas
  2 bats (D:1)
  4 frilled lizards
  25 kobolds
  6 rats
184 creatures vanquished.

Vanquished Creatures (others)
  A centaur zombie (D:5)
  3 ancestors (D:10)
  An orc (D:9)
  39 fungi (D:10)
  49 plants
93 creatures vanquished.

Grand Total: 277 creatures vanquished

Notes
Turn   | Place    | Note
-------+----------+-------------------------------------------
     0 | D:1      | fragbeetle the Minotaur Hunter began the quest for the Orb.
     0 | D:1      | Reached XP level 1. HP: 18/18 MP: 0/0
   114 | D:1      | Reached XP level 2. HP: 25/25 MP: 1/1
   178 | D:1      | Reached skill level 5 in Crossbows
   349 | D:1      | Found Xuiteil's Jewellery Boutique.
   431 | D:2      | Reached XP level 3. HP: 26/30 MP: 2/2
   605 | D:2      | Noticed Robin
   651 | D:2      | Killed Robin
   652 | D:2      | Reached XP level 4. HP: 14/37 MP: 3/3
  1756 | D:3      | Noticed Sigmund
  1799 | D:4      | Noticed a black bear
  1848 | D:5      | Entered Level 5 of the Dungeon
  1848 | D:5      | Noticed a centaur
  1865 | D:4      | Killed a black bear
  1866 | D:4      | Reached XP level 5. HP: 14/42 MP: 4/4
  2162 | D:4      | Reached XP level 6. HP: 46/50 MP: 5/5
  2742 | D:5      | Reached XP level 7. HP: 56/56 MP: 6/6
  3116 | D:3      | Killed Sigmund
  3117 | D:3      | Reached skill level 10 in Crossbows
  3864 | D:5      | Reached skill level 5 in Fighting
  4240 | D:5      | Reached XP level 8. HP: 66/70 MP: 7/7
  5156 | D:6      | Found a runed translucent gate.
  5157 | D:6      | Identified the +0 plate armour "Ythrubin" {Contam Harm
                  | rPois SInv}
  5157 | D:6      | Found a runed translucent gate.
  5157 | D:6      | Found a runed translucent gate.
  5164 | D:6      | Noticed snaxamus's ghost (novice DsGl)
  5594 | D:6      | Found a staircase to the Ecumenical Temple.
  5601 | Temple   | Entered the Ecumenical Temple
  6031 | D:7      | Reached skill level 10 in Fighting
  6031 | D:7      | Reached skill level 1 in Armour
  6165 | D:7      | Reached XP level 9. HP: 85/85 MP: 8/8
  6327 | D:7      | Learned a level 2 spell: Blink
  7695 | D:7      | Reached skill level 5 in Armour
  8320 | D:7      | Gained mutation: You are agile. (Dex +2) [potion of
                  | mutation]
  8325 | D:7      | HP: 1/85 [orc warrior/+0 long sword (16)]
  8802 | D:8      | Noticed Prince Ribbit
  8816 | D:8      | Killed Prince Ribbit
  8960 | D:8      | Found Qekhita's Weapon Shop.
  9375 | D:9      | Found a shimmering blue altar of Sif Muna.
  9376 | D:9      | Found a glowing golden altar of the Shining One.
  9377 | D:9      | Found a hazy altar of Hepliaklqana.
  9385 | D:9      | Became a worshipper of Hepliaklqana the Forgotten
  9487 | D:9      | Noticed Psyche
  9801 | D:9      | Reached skill level 10 in Armour
  9891 | D:9      | Reached skill level 1 in Invocations
 10401 | D:9      | Identified the +8 quarterstaff "Qiqubikh" {freeze, Dex+7}
 10465 | D:10     | Entered Level 10 of the Dungeon
 10465 | D:10     | Noticed Fannar
 10466 | D:10     | Noticed Erica
 10512 | D:9      | Reached XP level 10. HP: 83/93 MP: 10/10
 10547 | D:10     | Reached * piety under Hepliaklqana
 10735 | D:10     | Noticed a two-headed ogre
 10956 | D:9      | Killed from afar by Fannar

Illustrated notes

Levels and vault maps discovered:
D:1:      wander_arrival_lonely_grave, layout_rooms, serial_shops, shop
D:2:      layout_basic, hex_medium, minmay_tetromino_o4, uniq_robin
D:3:      layout_basic, columned_hall_lemuel, uniq_sigmund
D:4:      layout_basic
D:5:      layout_rooms, lemuel_flamethrower_2
D:6:      layout_rooms, minmay_temple_entry_junction_2,
          biasface_ghost_orc_armoury
D:7:      layout_basic, kennysheep_decorative_pillar, minivault_26
D:8:      layout_rooms, serial_shops, nicolae_diamond_shop, uniq_prince_ribbit1
D:9:      kennysheep_kobold_camp, layout_irregular_city,
          chequers_temple_overflow_statue_of_worship, uniq_psyche
D:10:     layout_irregular_city, due_lair_maze_entry_diamond,
          hangedman_abyss_or_decor_slice, grunt_ministairs_10,
          minmay_misc_feat_enclosed, uniq_erica, uniq_fannar, uniq_maggie
Temple:   mainiacjoe_temple_bowtie_tessellation

Skill      XL: |  1  2  3  4  5  6  7  8  9 |
---------------+----------------------------+-----
Crossbows      | 5 6 7 8 9 10 | 10.0
Fighting       | 6 10 | 10.0
Armour         | 2 10 | 10.8
Invocations    | 2 |  2.6
Dodging        | |  2.1
Stealth        | |  0.7

Action                   |  1- 3 |  4- 6 |  7- 9 | 10-12 || total
-------------------------+-------+-------+-------+-------++-------
Melee: Quarterstaff      |       |       |     3 |     4 ||     7
       Short sword       |       |       |     3 |       ||     3
       Headbutt          |       |       |     3 |       ||     3
       Spear             |       |       |     2 |       ||     2
 Fire: Hand crossbow     |    86 |   120 |   454 |    47 ||   707
Throw: Dart              |       |       |     2 |       ||     2
Invok: Ancestor Identity |       |       |       |     1 ||     1
Evoke: Wand              |       |       |       |     3 ||     3
  Use: Scroll            |       |       |     8 |       ||     8
       Potion            |       |       |     1 |     1 ||     2
Armor: Leather armour    |    10 |       |       |       ||    10
       Ring mail         |       |    24 |     6 |       ||    30
       Scale mail        |       |       |   129 |     7 ||   136
Dodge: Dodged            |    17 |    43 |   157 |     6 ||   223

Table legend: (Time is in decaauts)
 A = Elapsed time spent in this place.
 B = Non-inter-level travel time spent in this place.
 C = Inter-level travel time spent in this place.
 D = Time resting spent in this place.
 E = Time spent auto-exploring this place.
 F = Levels seen in this place.
 G = Mean time per level.
                   A        B        C        D        E       F      G
               +--------+--------+--------+--------+--------+-----+--------+
         Total |  11096 |  10553 |    543 |   1562 |   6679 |  11 | 1008.7 |
       Dungeon |  10866 |  10353 |    513 |   1562 |   6496 |  10 | 1086.6 |
        Temple |    229 |    199 |     30 |      0 |    183 |   1 |  229.0 |
               +--------+--------+--------+--------+--------+-----+--------+

Top non-repeatable levels by time:
     D:7: 2460 daAuts
     D:4: 1328 daAuts
     D:9: 1328 daAuts
     D:2: 1246 daAuts
     D:3: 1068 daAuts
     D:6: 1051 daAuts
     D:5: 879 daAuts
     D:8: 771 daAuts
     D:1: 427 daAuts
    D:10: 303 daAuts
  Temple: 229 daAuts
